 Dungeon Crawl Stone Soup version 0.30-a0-782-ge64f9170bb (webtiles) character file.

Game seed: 16762195004559221777

2882423 Flugkiller the Evocator (level 27, 228/228 HPs)
             Began as a Djinni Venom Mage on Feb 24, 2023.
             Was the Champion of Ashenzari.
             Escaped with the Orb
             ... and 4 runes!
             The game lasted 01:58:52 (49464 turns).

Flugkiller the Evocator (Djinni Venom Mage)        Turns: 49464, Time: 01:58:53

Health: 228/228    AC: 17    Str:  9    XL:     27
Gold:   5711       EV: 37    Int: 44    God:    Ashenzari [******] SH: 11 Dex: 26

rFire   + + +      SeeInvis +    s - +9 war axe "Restrained Doubts" {spect, Str+3, Melee, Evo} (curse)
rCold   + + .      Faith    .    U - +3 buckler "Restrained Together" {rC+, Evo, Self} (curse)
rNeg    + . .      Spirit   .    O - +4 troll leather armour of the Unyielding Gaze {Regen+, Snorg, Evo, Self} (curse)
rPois   ∞          Reflect  .    D - -2 hat of the Alchemist {rElec rPois rF+ rC+ rN+ Will+ rMut rCorr, Self, Cun} (curse)
rElec   +          Harm     .    E - +2 cloak "Shackled Adversity" {Melee, Cun} (curse)
rCorr   +          Rampage  .    Q - +2 pair of gloves of the Cryptic God {Dex+3, Self, Cun} (curse)
rMut    +          Clarity  +    (boots unavailable)
Will    +++..                    N - amulet "Prescient Dogma" {RegenMP Fragile +Inv Regen+ Int+7, Cun, Melee} (curse)
Stlth   +                        L - ring "Overhang to Understand" {rPois rC+ Int+6 Stlth-, Self, Melee} (curse)
HPRegen 2.18/turn                J - ring of Ashenzari's Stoicism {Dex+6, Melee, Evo} (curse)
MPRegen 0.00/turn

@: flying, studying 2 skills
A: sickness immunity, fire resistance 2, cold vulnerability 1, float, innate
caster, HP casting, extra vitality 1, iridescent scales 1, clever 1, electricity
resistance, wild magic 1, MP-powered wands
0: Orb of Zot
}: 4/15 runes: barnacled, silver, abyssal, gossamer
a: Renounce Religion, Evoke Invisibility, Shatter the Chains


You escaped.
You worshipped Ashenzari.
Ashenzari was exalted by your worship.
You visited 9 branches of the dungeon, and saw 47 of its levels.
You visited the Abyss 1 time.
You visited 1 bazaar.
You also visited: Bailey, Ice Cave and Wizlab.

You collected 8187 gold pieces.
You spent 2476 gold pieces at shops.

Inventory:

Hand Weapons
 s - the cursed +9 war axe "Restrained Doubts" (weapon) {spect, Str+3, Melee, Evo}
   (You found it on level 5 of the Dungeon)

   Str:       It affects your strength (+3).
   It has a curse which improves the following skills: Melee Combat: Short
   Blades, Long Blades, Axes, Maces & Flails, Polearms, Staves and Unarmed
   Combat.
   Evocations: Evocations.
Missiles
 e - 11 curare-tipped darts
 T - 2 throwing nets
Armour
 D - the cursed -2 hat of the Alchemist (worn) {rElec rPois rF+ rC+ rN+ Will+ rMut rCorr, Self, Cun}
   (You found it in a wizard's laboratory)

   rF:        It protects you from fire.
   rC:        It protects you from cold.
   rElec:     It insulates you from electricity.
   rPois:     It protects you from poison.
   rN:        It protects you from negative energy.
   rCorr:     It protects you from acid and corrosion.
   rMut:      It protects you from mutation.
   Will:      It increases your willpower.
   It has a curse which improves the following skills: Introspection: Fighting
   and Spellcasting.
   Cunning:   Dodging and Stealth.
 E - the cursed +2 cloak "Shackled Adversity" (worn) {Melee, Cun}
   (You took it off a draconian scorcher on level 2 of the Realm of Zot)

   It has a curse which improves the following skills: Melee Combat: Short
   Blades, Long Blades, Axes, Maces & Flails, Polearms, Staves and Unarmed
   Combat.
   Cunning:   Dodging and Stealth.
 O - the cursed +4 troll leather armour of the Unyielding Gaze (worn) {Regen+, Snorg, Evo, Self}
   (You found it on level 3 of the Lair of Beasts)

   Regen:     It increases your rate of health regeneration.
   It has a curse which improves the following skills: Evocations: Evocations.
   Introspection: Fighting and Spellcasting.
 Q - the cursed +2 pair of gloves of the Cryptic God (worn) {Dex+3, Self, Cun}
   (You found it on level 5 of the Lair of Beasts)

   It has a curse which improves the following skills: Introspection: Fighting
   and Spellcasting.
   Cunning:   Dodging and Stealth.
 S - the +3 hat of Uxtumedi {Harm Int+5}
   (You bought it in a shop in a bazaar)

   Int:       It affects your intelligence (+5).
   Harm:      It increases damage dealt and taken.
 U - the cursed +3 buckler "Restrained Together" (worn) {rC+, Evo, Self}
   (You found it in an ice cave)

   It has a curse which improves the following skills: Evocations: Evocations.
   Introspection: Fighting and Spellcasting.
Jewellery
 c - a ring of protection from cold
   (You took it off a deep elf demonologist on level 5 of the Vaults)
 l - the ring of the Tortoise {AC+8}
   (You found it on level 4 of the Realm of Zot)

   [ring of protection]

   AC:        It affects your AC (+8).
 p - a ring of wizardry
   (You took it off an ironbound convoker on level 5 of the Vaults)
 F - the ring "Karchixt" {Will++ EV+5 Int+2}
   (You found it in a bailey)

   [ring of evasion]

   EV:        It affects your evasion (+5).
   Int:       It affects your intelligence (+2).
   Will:      It greatly increases your willpower.
 J - the cursed ring of Ashenzari's Stoicism (right hand) {Dex+6, Melee, Evo}
   (You found it on level 8 of the Dungeon)

   [ring of dexterity]

   Dex:       It affects your dexterity (+6).
   It has a curse which improves the following skills: Melee Combat: Short
   Blades, Long Blades, Axes, Maces & Flails, Polearms, Staves and Unarmed
   Combat.
   Evocations: Evocations.
 L - the cursed ring "Overhang to Understand" (left hand) {rPois rC+ Int+6 Stlth-, Self, Melee}
   (You took it off a deep elf blademaster on level 3 of the Elven Halls)

   [ring of intelligence]

   Int:       It affects your intelligence (+6).
   rC:        It protects you from cold.
   rPois:     It protects you from poison.
   Stlth:     It makes you less stealthy.
   It has a curse which improves the following skills: Introspection: Fighting
   and Spellcasting.
   Melee Combat: Short Blades, Long Blades, Axes, Maces & Flails, Polearms,
   Staves and Unarmed Combat.
 N - the cursed amulet "Prescient Dogma" (around neck) {RegenMP Fragile +Inv Regen+ Int+7, Cun, Melee}
   (You bought it in a shop on level 11 of the Dungeon)

   [amulet of magic regeneration]

   It increases your rate of magic regeneration.
   Int:       It affects your intelligence (+7).
   +Inv:      It lets you turn invisible.
   Regen:     It increases your rate of health regeneration.
   Fragile:   It will be destroyed if unequipped.
   It has a curse which improves the following skills: Cunning: Dodging and
   Stealth.
   Melee Combat: Short Blades, Long Blades, Axes, Maces & Flails, Polearms,
   Staves and Unarmed Combat.
Wands
 a - a wand of roots (19)
   (You found it on level 4 of the Lair of Beasts)
 m - a wand of paralysis (26)
   (You found it on level 9 of the Dungeon)
 v - a wand of digging (9)
   (You found it on level 6 of the Dungeon)
 V - a wand of acid (8)
   (You found it on level 1 of the Vaults)
 X - a wand of mindburst (24)
   (You found it on level 4 of the Shoals)
Scrolls
 i - 9 scrolls of vulnerability
 j - 22 scrolls of poison
 k - 6 scrolls of immolation
 o - 4 scrolls of enchant armour
 t - 12 scrolls of teleportation
 y - 12 scrolls of fog
 C - 2 scrolls of silence
 K - 3 scrolls of summoning
 Z - 5 scrolls of fear
Potions
 b - 8 potions of berserk rage
 d - 8 potions of might
 f - 23 potions of mutation
 g - 6 potions of attraction
 h - 4 potions of haste
 n - 2 potions of resistance
 q - 20 potions of curing
 w - 11 potions of heal wounds
 x - 5 potions of cancellation
 A - 9 potions of brilliance
 B - 6 potions of invisibility
 R - 6 potions of ambrosia
Miscellaneous
 r - a tin of tremorstones (2/2)
   (You bought it in a shop on level 2 of the Elven Halls)
 u - a phial of floods
   (You found it on level 4 of the Spider Nest)
 G - a phantom mirror
   (You found it on level 3 of the Elven Halls)
 I - a box of beasts
   (You found it in a bailey)
 M - a condenser vane
   (You found it on level 14 of the Dungeon)
 W - a lightning rod (4/4)
   (You found it on level 3 of the Shoals)


   Skills:
 - Level 20.1(27) Fighting
 - Level 11.5(18.7) Axes
 + Level 13.0 Armour
 - Level 21.2(27) Dodging
 - Level 1.5(5.3) Stealth
 - Level 10.0 Shields
 - Level 21.2(27) Spellcasting
 - Level 21.7(27) Evocations


You couldn't memorise any spells.
You knew the following spells:

 Your Spells              Type           Power      Damage    Failure   Level
a - Sting                 Tmut/Pois      100%       1d8       1%          1
b - Poisonous Vapours     Pois/Air       100%       N/A       1%          2
c - Mephitic Cloud        Conj/Pois/Air  100%       N/A       1%          3
d - Olgreb's Toxic Radia  Pois           100%       N/A       1%          4
e - Freeze                Ice            100%       1d10      1%          1
f - Call Imp              Summ           100%       N/A       1%          2
g - Teleport Other        Tloc           100%       N/A       1%          3
h - Ozocubu's Armour      Ice            100%       N/A       1%          3
i - Freezing Cloud        Conj/Ice/Air   78%        6-21      1%          5
j - Agony                 Necr           100%       N/A       1%          5
k - Summon Cactus Giant   Summ           78%        N/A       1%          6
l - Spellforged Servitor  Conj/Summ      78%        N/A       1%          7
m - Haunt                 Necr/Summ      78%        N/A       1%          7
n - Lehudib's Crystal Sp  Conj/Erth      78%        10d17     1%          8
o - Infestation           Necr           78%        N/A       1%          8
p - Fire Storm            Conj/Fire      78%        8d20      1%          9
P - Borgnjor's Revivific  Necr           78%        N/A       1%          8
Your spell library was empty.

Dungeon Overview and Level Annotations

Branches:
Dungeon (15/15)            Temple (0/1) D:7            Lair (5/5) D:10
 Shoals (4/4) Lair:3       Spider (4/4) Lair:2        Slime (0/5) Lair:4
    Orc (2/2) D:11            Elf (3/3) Orc:2        Vaults (5/5) D:13
  Crypt (0/3) Vaults:3     Depths (4/4) D:15            Zot (5/5) Depths:4
 Bailey (visited)           IceCv (visited)          WizLab (visited)

Altars:
Ashenzari
Dithmenos
Elyvilon
Nemelex Xobeh
Okawaru
Qazlal
Ru
Trog
Xom
Yredelemnul
Zin
Jiyva

Shops:
D:9 :   D:10 *   D:11 =   Orc:2 ?[!=   Elf:1 !   Elf:2 ?*[:   Shoals:3 *
Vaults:4 [((?   Depths:2 ([

Portals:
Hell: Depths:1 Depths:2 Depths:3 Depths:4
Abyss: Depths:3
Pandemonium: Depths:2 Depths:4
Ziggurat: Depths:4

Annotations:
Shoals:1 Roxanne
Spider:2 1 runed translucent door, Cosiarut's ghost, journeyman FeSu
Elf:1 1 runed translucent door, Gnu's ghost, adept HOFi
Elf:2 4 runed translucent doors, jazmu's ghost, adept DgHu


Innate Abilities, Weirdness & Mutations

You are immune to sickness and miasma.
You are immune to poison.
Your flesh is very heat resistant. (rF++)
You are vulnerable to cold. (rC-)
You float through the air rather than walking.
You learn spells naturally, not from books.
Your magical power is your life essence.
You have superior vitality. (+4 MHP)
You are partially covered in iridescent scales. (AC +2)
Your mind is acute. (Int +4, Str/Dex -1)
You are resistant to electric shocks. (rElec)
Your spells are a little harder to cast, but a little more powerful.
You expend health (3 HP) to strengthen your wands.


Message History

A Tzitzimitl comes into view.
Casting: Fire Storm (dangerous; 1% risk of failure)
Confirm with . or Enter, or press ? or * to list all spells.
Aiming: Fire Storm (dangerous; 1% risk of failure)
Press: ? - help, Dir - move target A raging storm of fire appears!
The great blast of fire engulfs the Tzitzimitl!!!!
The Tzitzimitl is almost dead.
Casting: Fire Storm (dangerous; 1% risk of failure)
Confirm with . or Enter, or press ? or * to list all spells.
Aiming: Fire Storm (dangerous; 1% risk of failure)
Press: ? - help, Dir - move target A raging storm of fire appears!
The great blast of fire engulfs the Tzitzimitl!!!!
You kill the Tzitzimitl!
You see here a +0 flail.
There is a stone staircase leading down here.
There is a stone staircase leading up here.
You fly upwards.
There is a stone staircase leading down here.
(D) Dungeon (T) Temple (L) Lair (A) Shoals (N) Spider Nest (M) Slime Pits (O) Orcish Mines (E) Elven Halls (V) Vaults (C) Crypt (U) Depths (H) Hell (Z) Zot
Where to? (Enter - D:1 @ (x,y), ? - help)
There is a stone staircase leading up here.
You fly upwards.
There is a stone staircase leading down here.
You reach down and open the door.
There is an open door here.
There is a stone staircase leading up here.
You fly upwards.
There is a stone staircase leading down here.
There is a stone staircase leading up here.
You fly upwards.
There is a stone staircase leading down here.
There is a stone staircase leading up here.
You fly upwards.
There is a stone staircase leading down here.
There is a stone staircase leading up here.
You fly upwards.
There is a stone staircase leading down here.
There is a stone staircase leading up here.
You fly upwards.
There is a stone staircase leading down here.
An angel comes into view. It is wielding a +2 whip of holy wrath.
Casting: Fire Storm (dangerous; 1% risk of failure)
Confirm with . or Enter, or press ? or * to list all spells.
Aiming: Fire Storm (dangerous; 1% risk of failure)
Press: ? - help, Dir - move target That beam is likely to hit you.
Continue anyway?
Okay, then.
A shadow demon comes into view.
Casting: Fire Storm (dangerous; 1% risk of failure)
Confirm with . or Enter, or press ? or * to list all spells.
Aiming: Fire Storm (dangerous; 1% risk of failure)
Press: ? - help, Dir - move target A raging storm of fire appears!
The great blast of fire engulfs the shadow demon!!!
You kill the shadow demon!
The great blast of fire engulfs the angel!!!!
The angel is severely wounded.
The angel is engulfed in blazing flames.
Casting: Fire Storm (dangerous; 1% risk of failure)
Confirm with . or Enter, or press ? or * to list all spells.
Aiming: Fire Storm (dangerous; 1% risk of failure)
Press: ? - help, Dir - move target, f - fire vortex
Aim: a fire vortex (flame, friendly, haloed) That beam is likely to hit you.
Continue anyway?
A raging storm of fire appears!
The great blast of fire engulfs the angel!!!!
You kill the angel!
Unknown command.
(D) Dungeon (T) Temple (L) Lair (A) Shoals (N) Spider Nest (M) Slime Pits (O) Orcish Mines (E) Elven Halls (V) Vaults (C) Crypt (U) Depths (H) Hell (Z) Zot
Where to? (Enter - D:1 @ (x,y), ? - help) HP restored.
A sixfirhy comes into view.
Casting: Fire Storm (dangerous; 1% risk of failure)
Confirm with . or Enter, or press ? or * to list all spells.
Aiming: Fire Storm (dangerous; 1% risk of failure)
Press: ? - help, Dir - move target A raging storm of fire appears!
The great blast of fire engulfs the sixfirhy!!!
You kill the sixfirhy!
You feel a bit more experienced.
Your Armour skill increases to level 13!
Unknown command.
You hear a grinding noise.
You hear a grinding noise.
You hear a grinding noise.
There is an open gate here.
There is a large open door here.
You hear a grinding noise.
There is an open door here.
There is a staircase leading out of the dungeon here.
Enter note: gg You have escaped!

#.##...## ##......###.#
#...####
#.......###.#### ###.#
#............... #.#
#.......###.#### #÷#
##..>..........> #.#
##...#.#.#.#### #†#
#######..#...........
###.#
###['..###...#.#.#..###
#...# #...#.@#
##.##......# #.###
####''#### #.####.##.#
#.# #⌠♣#...# #.# #.##.#
#.#
#.♣#.♣.#♣♣♣##.####.##.#
#.#
#.♣#...#♣⌠♣#.......##.#
#.#
#..#'''#♣.♣##.#######.#
#.## #......{{..#..#
#.# #..#
#.###.###..#### #>#
##.# #.# ###.....#
#.###


There were no monsters in sight!

Vanquished Creatures
  A seraph (D:13)
  5 dread liches
  5 ancient liches
  2 orbs of fire (Zot:5)
  Mennas (Vaults:3)
  2 pandemonium lords
  3 Killer Klowns (Zot:5)
  2 golden dragons
  3 Tzitzimimeh
  A Brimstone Fiend (Zot:3)
  An electric golem (Zot:5)
  11 tentacled monstrosities
  25 Orb Guardians
  Jorgrun (D:15)
  Asterion (Depths:1)
  Mlioglotl (Shoals:1)
  2 liches (Depths:3)
  3 quicksilver dragons
  Polyphemus (Shoals:4)
  A deep elf blademaster (Elf:3)
  2 titans
  3 sphinxes
  2 death cobs
  A tentacled starspawn (Abyss:3)
  A tengu reaver (Vaults:5)
  Kirke (Shoals:1)
  Ilsuiw (Shoals:4)
  4 draconian monks
  2 shadow dragons
  3 storm dragons
  2 fire giants
  2 draconian knights
  4 frost giants
  An iron dragon (Vaults:5)
  An emperor scorpion (Spider:4)
  5 vault wardens
  3 draconian scorchers
  2 ghost moths
  Louise (Spider:2)
  6 deep elf sorcerers
  A ghoul (Vaults:3)
  3 angels
  2 deep elf elementalists (Elf:3)
  A balrug (D:14)
  A draconian annihilator (Zot:3)
  3 broodmothers
  3 orc warlords
  8 ironbound preservers
  2 very ugly things
  2 draconian shifters (Zot:3)
  4 draconian stormcallers
  A reaper (D:15)
  A spriggan defender (Depths:2)
  A war gargoyle (Vaults:3)
  A vampire knight (Depths:3)
  4 ironbound thunderhulks
  5 stone giants
  8 dire elephants
  A green draconian (Zot:3)
  3 red draconians (Zot:3)
  A deep elf annihilator (Elf:3)
  Azrael (D:13)
  A lorocyproca (Zot:3)
  6 purple draconians
  8 white draconians
  6 deep elf demonologists
  8 black draconians
  A starcursed mass (Abyss:3)
  5 spark wasps
  12 yellow draconians
  Snorg (Lair:3)
  5 deep elf death magi (Elf:3)
  A fire dragon (D:15)
  4 merfolk impalers
  4 ettins
  3 great orbs of eyes
  6 merfolk javelineers
  3 deep elf high priests (Elf:3)
  Fannar (Orc:1)
  An entropy weaver (Spider:2)
  A peacekeeper (Vaults:3)
  9 vault guards
  5 yaktaur captains
  4 ice dragons
  7 hydras
  A spriggan air mage (Depths:2)
  A merfolk avatar (Shoals:1)
  10 ironbound frosthearts
  2 jorogumos (Spider:4)
  5 ogre magi
  3 merfolk aquamancers
  Erica (Orc:1)
  A radroach (Spider:4)
  19 centaur warriors
  4 alligator snapping turtles
  2 catoblepae
  5 dancing weapons
  A hell beast (Zot:3)
  A satyr (Shoals:4)
  9 two-headed ogres
  3 boulder beetles
  9 death yaks
  2 deep troll shamans
  2 deep troll earth magi
  2 tengu warriors (Depths:4)
  A vampire mage (Depths:2)
  A thrashing horror (Abyss:3)
  A hell knight (Depths:2)
  2 orc high priests (Orc:2)
  Nergalle (Lair:3)
  4 sun demons (D:14)
  2 wretched stars (Abyss:3)
  2 deep elf knights (Elf:3)
  2 sixfirhies (D:1)
  7 pharaoh ants
  3 sun moths (Spider:4)
  3 glowing orange brains
  12 sea snakes
  14 orb spiders
  4 spatial maelstroms (Abyss:3)
  2 iron trolls
  A skyshark (Shoals:2)
  A cherub (D:13)
  2 shadow demons
  34 deep trolls
  3 wizards
  2 harpies (shapeshifter) (WizLab)
  6 lindwurms
  8 ironbound convokers
  6 deep elf zephyrmancers
  7 steelbarb worms
  2 orc knights (Orc:1)
  13 deep elf pyromancers
  30 ugly things
  13 harpies
  A necromancer (Vaults:3)
  19 wolf spiders
  8 manticores
  7 fauns
  9 orc sorcerers (Orc:2)
  15 moths of wrath
  5 cyclopes
  20 elephants
  5 merfolk sirens
  Maurice (D:13)
  8 vault sentinels
  2 guardian serpents (shapeshifter) (WizLab)
  2 black mambas (Lair:2)
  11 cane toads
  6 demonic crawlers
  5 torpor snails
  2 smoke demons
  7 water nymphs
  Maggie (D:7)
  An orange demon (D:15)
  3 gargoyles
  10 rime drakes
  A freezing wraith (D:13)
  A tormentor (Zot:3)
  An unseen horror (D:13)
  3 komodo dragons
  10 yaktaurs
  2 efreet
  3 kobold demonologists
  A guardian mummy (Depths:2)
  A red devil (Zot:4)
  7 polar bears
  7 trolls
  2 ancient zymes (Abyss:3)
  22 merfolk
  A hornet (D:10)
  A meliai (Spider:4)
  34 tarantellas
  4 wind drakes
  A hornet (shapeshifter) (WizLab)
  4 blink frogs (Lair:4)
  7 large abominations
  12 dream sheep
  4 raiju (Abyss:3)
  15 culicivoras
  27 jumping spiders
  A centaur simulacrum (D:15)
  8 snapping turtles
  18 slime creatures
  4 shadows
  2 air elementals (Elf:1)
  A slime creature (shapeshifter) (WizLab)
  10 small abominations
  A spriggan (Depths:2)
  A spriggan (shapeshifter) (WizLab)
  2 wyverns
  5 water elementals
  3 wraiths
  4 fire elementals
  44 yaks
  4 hogs (Shoals:1)
  A human (shapeshifter) (WizLab)
  A human (Shoals:1)
  Grum (D:11)
  4 basilisks
  3 golden eyes (D:9)
  A steam dragon (D:10)
  40 redbacks
  A redback (shapeshifter) (WizLab)
  A neqoxec (Abyss:3)
  17 vampire mosquitoes
  4 wargs
  13 spatial vortices (Abyss:3)
  14 water moccasins
  2 hell hounds (D:13)
  A floating eye (WizLab)
  14 orc warriors
  An ice beast (D:6)
  13 ogres
  19 wolves
  5 black bears
  7 boggarts
  15 centaurs
  3 phantoms
  8 kobold brigands
  A gnoll sergeant (D:9)
  5 scorpions
  An earth elemental (Elf:1)
  14 bullfrogs
  4 wights (D:9)
  3 troll zombies (D:11)
  5 killer bees (D:7)
  4 electric eels
  3 howler monkeys
  4 jellies
  6 hounds
  9 orc priests
  8 iguanas
  28 orc wizards
  5 ogre zombies (D:11)
  20 gnolls
  7 adders
  2 white imps
  2 ufetubi (D:5)
  A worm (D:3)
  2 dart slugs
  68 orcs
  6 ball pythons
  16 endoplasms
  3 giant cockroaches
  5 goblins
  9 hobgoblins
  4 jackals (D:1)
  31 kobolds
  A quokka (D:1)
  8 bats
  3 frilled lizards
  4 goblin skeletons (D:11)
  5 goblin zombies (D:11)
  A hobgoblin skeleton (D:11)
  2 hobgoblin zombies (D:11)
  3 orc skeletons (D:11)
  10 orc zombies (D:11)
  2 rats (D:1)
  2 bushes
  A plant (Shoals:4)
1484 creatures vanquished.

Vanquished Creatures (collateral kills)
  2 dread liches (Vaults:5)
  Mara (D:15)
  A royal mummy (Depths:2)
  Vv (Depths:3)
  Frederick (Vaults:4)
  Saint Roka (Depths:1)
  Xtahua (Vaults:3)
  A curse toe (Zot:2)
  2 golden dragons (Depths:4)
  2 electric golems
  A mutant beast (WizLab)
  A bone dragon (Abyss:3)
  An Orb Guardian (Zot:5)
  2 tentacled monstrosities
  5 titans (Vaults:5)
  A walking frostbound tome (Depths:3)
  2 deep elf master archers (Elf:3)
  2 quicksilver dragons
  A deep elf blademaster (Elf:3)
  A death cob (Zot:3)
  A tentacled starspawn (Abyss:3)
  7 sphinxes
  9 tengu reavers
  3 shadow dragons (Vaults:5)
  3 storm dragons
  6 draconian monks
  7 fire giants
  2 draconian knights (Zot:3)
  An iron dragon (Vaults:5)
  2 deep elf sorcerers
  3 frost giants
  7 vault wardens
  2 deep elf elementalists (Elf:3)
  12 ironbound preservers
  4 war gargoyles
  2 draconian annihilators (Zot:2)
  A draconian stormcaller (Zot:3)
  15 very ugly things
  A spriggan defender (Depths:2)
  12 stone giants
  2 vampire knights
  6 ironbound thunderhulks
  5 green draconians
  4 deep elf demonologists
  5 red draconians
  2 black draconians
  6 deep elf annihilators
  2 yellow draconians
  2 dire elephants (Vaults:4)
  5 purple draconians
  5 spark wasps
  6 white draconians
  6 ettins
  2 merfolk impalers
  6 deep elf death magi
  3 crystal guardians
  6 yaktaur captains
  3 merfolk javelineers
  An entropy weaver (shapeshifter) (WizLab)
  8 fire dragons
  2 deep elf high priests (Vaults:5)
  4 mummy priests (Depths:2)
  A great orb of eyes (Vaults:4)
  27 vault guards
  4 ice dragons
  A spriggan air mage (Depths:4)
  2 peacekeepers
  6 centaur warriors
  6 ironbound frosthearts
  A boulder beetle (Vaults:2)
  3 merfolk aquamancers (Shoals:4)
  5 deep troll shamans
  3 two-headed ogres (Vaults:5)
  10 dancing weapons
  A death yak (Shoals:4)
  7 satyrs
  An orc high priest (Elf:1)
  3 tengu warriors
  5 deep troll earth magi
  A spriggan berserker (Depths:3)
  A thrashing horror (Abyss:3)
  10 deep elf knights
  7 iron trolls
  4 hell knights
  2 spatial maelstroms (Abyss:3)
  A fire crab (shapeshifter) (WizLab)
  2 pharaoh ants
  40 deep trolls
  A death drake (shapeshifter) (WizLab)
  A goliath frog (shapeshifter) (Vaults:5)
  2 glowing orange brains
  A shadow demon (Abyss:3)
  5 wizards
  9 deep elf archers
  2 sea snakes (Shoals:3)
  4 orc knights
  8 phantasmal warriors
  4 lindwurms (Vaults:1)
  3 harpies
  A necromancer (Depths:2)
  A harpy (shapeshifter) (WizLab)
  11 deep elf pyromancers
  31 ugly things
  18 ironbound convokers
  15 deep elf zephyrmancers
  12 fauns
  A cyclops (Shoals:4)
  4 orc sorcerers
  4 manticores (Shoals:3)
  A manticore (shapeshifter) (WizLab)
  A cyclops (shapeshifter) (WizLab)
  A moth of wrath (shapeshifter) (Vaults:5)
  3 moths of wrath
  A water nymph (Shoals:4)
  11 vault sentinels
  An orange demon (Depths:4)
  An unseen horror (shapeshifter) (WizLab)
  2 rime drakes (IceCv)
  A hellion (Abyss:3)
  2 tengu conjurers
  3 guardian mummies (Depths:2)
  An ancient zyme (Abyss:3)
  A yaktaur (shapeshifter) (Abyss:3)
  3 polar bears (IceCv)
  22 yaktaurs
  A polar bear (shapeshifter) (WizLab)
  A hornet (Depths:2)
  A wind drake (Shoals:3)
  A hornet (shapeshifter) (WizLab)
  A troll (shapeshifter) (WizLab)
  A meliai (shapeshifter) (Vaults:5)
  3 merfolk
  A tarantella (Spider:2)
  2 blink frogs (shapeshifter)
  A dream sheep (Shoals:4)
  4 raiju (Abyss:3)
  A wind drake (shapeshifter) (WizLab)
  A snapping turtle (Shoals:4)
  3 jumping spiders (shapeshifter) (WizLab)
  9 slime creatures
  A jumping spider (Spider:1)
  2 wraiths (Vaults:3)
  2 air elementals (Elf:1)
  7 water elementals
  A human (shapeshifter) (WizLab)
  2 yaks (shapeshifter) (WizLab)
  4 fire elementals
  An iron golem (WizLab)
  A neqoxec (Abyss:3)
  3 small abominations
  5 spatial vortices (Abyss:3)
  3 floating eyes (WizLab)
  3 large abominations (WizLab)
  5 orc warriors
  2 black bears (shapeshifter)
  3 boggarts (Vaults:2)
  An earth elemental (Elf:2)
  3 wights (Abyss:3)
  A mummy (Depths:2)
  5 orcs
  2 starspawn tentacles (Abyss:3)
656 creatures vanquished.

Vanquished Creatures (others)
  A draconian annihilator (Depths:4)
  A deep elf archer (Elf:3)
  A wizard (Elf:1)
  2 deep elf pyromancers (Elf:1)
  A worldbinder (Abyss:3)
  A smoke demon (Abyss:3)
  A water elemental (Shoals:2)
  A culicivora (Spider:1)
  A human (D:5)
  A kobold (D:8)
  2 demonic plants (Abyss:4)
  92 fire vortices
  45 fungi
  199 plants
  2 starspawn tentacles (Abyss:3)
351 creatures vanquished.

Grand Total: 2491 creatures vanquished

Notes
Turn   | Place    | Note
-------+----------+-------------------------------------------
     0 | D:1      | Flugkiller the Djinni Venom Mage began the quest for the
                  | Orb.
     0 | D:1      | Flugkiller set off with the following spells memorised:
                  | Sting, Poisonous Vapours, Mephitic Cloud, Olgreb's Toxic
                  | Radiance.
     0 | D:1      | Reached XP level 1. HP: 15/15 MP: 0/0
   206 | D:1      | Reached XP level 2. HP: 21/22 MP: 0/0
   317 | D:1      | Reached skill level 1 in Fighting
   441 | D:1      | Reached XP level 3. HP: 23/27 MP: 0/0
   441 | D:1      | Learned a level 1 spell: Freeze
  1113 | D:2      | Reached XP level 4. HP: 26/32 MP: 0/0
  1570 | D:2      | Identified the +1 cloak of Feral New Discoveries {Will+
                  | Regen+ Dex-5}
  1950 | D:3      | Reached XP level 5. HP: 37/38 MP: 0/0
  1950 | D:3      | Learned a level 2 spell: Call Imp
  2904 | D:4      | Reached XP level 6. HP: 37/43 MP: 0/0
  3007 | D:4      | Reached skill level 5 in Spellcasting
  3307 | D:4      | Found a bloodstained altar of Trog.
  3347 | D:4      | Reached XP level 7. HP: 49/49 MP: 0/0
  3347 | D:4      | Learned a level 3 spell: Teleport Other
  3684 | D:5      | Entered Level 5 of the Dungeon
  3685 | D:5      | Identified the +9 war axe "Qeobrefo" {spect, Str+3}
  3776 | D:5      | Reached XP level 8. HP: 58/58 MP: 0/0
  3905 | D:5      | Reached skill level 5 in Fighting
  3923 | D:5      | Noticed a human
  3925 | D:5      | Killed a human
  4022 | D:5      | Found a glowing silver altar of Zin.
  4722 | D:6      | Found a broken altar of Ashenzari.
  4774 | D:6      | Became a worshipper of Ashenzari the Shackled
  4797 | D:6      | Reached XP level 9. HP: 63/65 MP: 0/0
  4797 | D:6      | Learned a level 3 spell: Ozocubu's Armour
  5463 | D:7      | Reached skill level 1 in Axes
  5514 | D:7      | Found a flagged portal.
  5523 | Bailey   | Entered a bailey
  5528 | Bailey   | Noticed an orc warlord
  5602 | Bailey   | Found a runed translucent gate.
  5604 | Bailey   | Found a runed translucent gate.
  5606 | Bailey   | Found a runed translucent gate.
  5913 | Bailey   | Killed an orc warlord
  5914 | Bailey   | Reached XP level 10. HP: 75/75 MP: 0/0
  6053 | Bailey   | Identified the ring "Karchixt" {Will++ EV+5 Int+2}
  6233 | D:7      | Noticed Maggie
  6256 | D:7      | Killed Maggie
  6257 | D:7      | Reached skill level 1 in Evocations
  6278 | D:7      | Found a staircase to the Ecumenical Temple.
  6289 | D:7      | Reached skill level 5 in Axes
  6612 | D:8      | Reached * piety under Ashenzari
  7249 | D:8      | Reached ** piety under Ashenzari
  7284 | D:9      | Found Xoxudil's Book Emporium.
  7456 | D:9      | Noticed a two-headed ogre
  7502 | D:9      | Killed a two-headed ogre
  7503 | D:9      | Reached XP level 11. HP: 74/79 MP: 0/0
  7503 | D:9      | Learned a level 5 spell: Freezing Cloud
  7540 | D:9      | Found a white marble altar of Elyvilon.
  7765 | D:9      | Found a sacrificial altar of Ru.
  7899 | D:10     | Entered Level 10 of the Dungeon
  7905 | D:10     | Found a staircase to the Lair.
  7910 | D:10     | Reached skill level 10 in Spellcasting
  8061 | D:10     | Noticed a two-headed ogre
  8080 | D:10     | Killed a two-headed ogre
  8081 | D:10     | Reached skill level 5 in Dodging
  8162 | D:10     | Found Gulazi Itauz's Assorted Antiques.
  8495 | D:10     | Noticed a cyclops
  8502 | D:10     | Killed a cyclops
  8807 | D:11     | Found a staircase to the Orcish Mines.
  8828 | D:11     | Reached *** piety under Ashenzari
  8872 | D:11     | Reached XP level 12. HP: 87/88 MP: 0/0
  8943 | D:11     | Noticed Grum
  8953 | D:11     | Killed Grum
  9161 | D:11     | Found Ropner's Jewellery Boutique.
  9676 | Lair:1   | Entered Level 1 of the Lair of Beasts
  9677 | Lair:1   | Acquired the +3 pair of gloves of Joeli {*Corrode Str+7}
  9724 | Lair:1   | Reached skill level 10 in Fighting
 10205 | Lair:1   | Identified the Papyrus of Accelerants and Death
 10552 | Lair:1   | Identified the +1 pair of gloves of the Shore {+Blink Str-5
                  | Int+2 Dex+2}
 10837 | D:11     | Bought the amulet "Yxtior" {RegenMP Fragile +Inv Regen+
                  | Int+7} for 690 gold pieces
 11068 | Lair:2   | Reached skill level 5 in Evocations
 11068 | Lair:2   | Reached XP level 13. HP: 86/96 MP: 0/0
 11068 | Lair:2   | Learned a level 5 spell: Agony
 11315 | Lair:2   | Reached **** piety under Ashenzari
 11375 | Lair:2   | Found a hole to the Spider Nest.
 11611 | Lair:3   | Noticed Snorg
 11621 | Lair:3   | Killed Snorg
 11785 | Lair:3   | Noticed an eight-headed hydra
 11793 | Lair:3   | Killed a 12-headed hydra
 11957 | Lair:3   | Noticed Nergalle
 11964 | Lair:3   | Killed Nergalle
 11965 | Lair:3   | Noticed a six-headed hydra
 11979 | Lair:3   | Killed a six-headed hydra
 12224 | Lair:3   | Found a staircase to the Shoals.
 12784 | Lair:4   | Found a staircase to the Slime Pits.
 12784 | Lair:4   | Found a viscous altar of Jiyva.
 12899 | Lair:4   | Reached XP level 14. HP: 92/106 MP: 0/0
 13368 | Lair:5   | Entered Level 5 of the Lair of Beasts
 13603 | Lair:5   | Reached skill level 10 in Dodging
 14056 | Lair:5   | Noticed a dire elephant
 14098 | Lair:5   | Killed a dire elephant
 15042 | D:12     | Reached ***** piety under Ashenzari
 15379 | D:12     | Reached skill level 1 in Armour
 15573 | D:13     | Found a gate to the Vaults.
 15576 | D:13     | Noticed Maurice
 15585 | D:13     | Killed Maurice
 15586 | D:13     | Reached XP level 15. HP: 115/120 MP: 0/0
 15586 | D:13     | Learned a level 6 spell: Summon Cactus Giant
 15849 | D:13     | Noticed Azrael
 15952 | D:13     | Killed Azrael
 16004 | D:13     | Reached skill level 5 in Armour
 16798 | D:15     | Entered Level 15 of the Dungeon
 17290 | D:15     | Found a stormy altar of Qazlal.
 17303 | D:15     | Noticed Jorgrun
 17320 | D:15     | Killed Jorgrun
 17981 | D:15     | Found a staircase to the Depths.
 18296 | Orc:1    | Entered Level 1 of the Orcish Mines
 18304 | Orc:1    | Noticed Erica
 18305 | Orc:1    | Noticed Fannar
 18321 | Orc:1    | Killed Erica
 18325 | Orc:1    | Killed Fannar
 18636 | Orc:2    | Entered Level 2 of the Orcish Mines
 18636 | Orc:2    | Found a staircase to the Elven Halls.
 18664 | Orc:2    | Reached XP level 16. HP: 121/126 MP: 0/0
 18953 | Orc:2    | Identified Sif Muna's Volume of Obstruction
 19057 | Orc:2    | Found Kinan's Magic Scroll Emporium.
 19073 | Orc:2    | Bought a scroll of fear for 48 gold pieces
 19116 | Orc:2    | Found Fiell's Distillery.
 19140 | Orc:2    | Bought a potion of heal wounds for 60 gold pieces
 19140 | Orc:2    | Bought a potion of mutation for 96 gold pieces
 19140 | Orc:2    | Bought a potion of mutation for 96 gold pieces
 19180 | Orc:2    | Found Arueschy's Antique Armour Shoppe.
 19243 | Orc:2    | Found Deeputwu's Jewellery Emporium.
 19447 | Spider:1 | Entered Level 1 of the Spider Nest
 19523 | Spider:1 | Identified the +6 falchion "Migh" {heavy, rPois Str+2
                  | Int-4}
 20344 | Spider:2 | Found a runed translucent door.
 20354 | Spider:2 | Found a shimmering altar of Xom.
 20354 | Spider:2 | Noticed Cosiarut's ghost (journeyman FeSu)
 20562 | Spider:2 | Noticed Louise
 20571 | Spider:2 | Killed Louise
 21301 | Spider:3 | Reached skill level 1 in Shields
 21360 | Spider:3 | Reached XP level 17. HP: 129/133 MP: 0/0
 21360 | Spider:3 | Learned a level 7 spell: Spellforged Servitor
 21412 | Spider:3 | Found a frozen archway.
 21421 | IceCv    | Entered an ice cave
 22115 | IceCv    | Reached skill level 5 in Shields
 23219 | Spider:3 | Reached skill level 10 in Evocations
 23708 | Spider:4 | Entered Level 4 of the Spider Nest
 24067 | Spider:4 | Reached XP level 18. HP: 124/143 MP: 0/0
 24343 | Spider:4 | Got a gossamer rune of Zot
 24802 | Shoals:1 | Entered Level 1 of the Shoals
 24882 | Shoals:1 | Found a flickering gateway to a bazaar.
 24882 | Shoals:1 | Noticed Mlioglotl
 24896 | Shoals:1 | Killed Mlioglotl
 24904 | Bazaar   | Entered a bazaar
 24920 | Bazaar   | Found Qutee's General Store.
 24921 | Bazaar   | Found Mecepn's Armour Shoppe.
 24966 | Bazaar   | Found Yheane's Antique Armour Emporium.
 24966 | Bazaar   | Found Uryjanov's General Store.
 25007 | Bazaar   | Bought the +3 hat of Uxtumedi {Harm Int+5} for 255 gold
                  | pieces
 25296 | Shoals:1 | Identified the ring "Baunudet" {Fly rElec rPois rF- Str+4}
 25434 | Shoals:1 | Reached skill level 15 in Spellcasting
 25501 | Shoals:1 | Noticed Kirke
 25511 | Shoals:1 | Killed Kirke
 25586 | Shoals:1 | Identified Roxanne's Anthology of Reformation
 25586 | Shoals:1 | Noticed Roxanne
 26093 | Shoals:2 | Identified the +0 ring mail of Oczel {rF- rC++ rCorr Int+2}
 26852 | Shoals:3 | Reached XP level 19. HP: 154/154 MP: 0/0
 26852 | Shoals:3 | Learned a level 7 spell: Haunt
 27048 | Shoals:3 | Found Ykamounue's Island Escapes.
 27056 | Shoals:3 | Bought a scroll of blinking for 127 gold pieces
 27188 | Shoals:4 | Entered Level 4 of the Shoals
 27197 | Shoals:4 | Reached skill level 15 in Fighting
 27233 | Shoals:4 | Noticed Ilsuiw
 27248 | Shoals:4 | Killed Ilsuiw
 27424 | Shoals:4 | Noticed Polyphemus
 27436 | Shoals:4 | Killed Polyphemus
 27569 | Shoals:4 | Identified the +9 flail of the Jolly Lies {flame, rPois
                  | rCorr Int-3 Dex+7}
 27570 | Shoals:4 | Identified the +5 flail of the Apocalypse {freeze, MP+9}
 27665 | Shoals:4 | Got a barnacled rune of Zot
 28522 | Elf:1    | Entered Level 1 of the Elven Halls
 28694 | Elf:1    | Paralysed by an air elemental for 1 turns
 29128 | Elf:1    | Paralysed by an air elemental for 1 turns
 29134 | Elf:1    | Paralysed by an air elemental for 1 turns
 29224 | Elf:1    | Reached XP level 20. HP: 154/162 MP: 0/0
 29313 | Elf:1    | Paralysed by an air elemental for 1 turns
 29384 | Elf:1    | Found a runed translucent door.
 29427 | Elf:1    | Noticed Gnu's ghost (adept HOFi)
 29551 | Elf:1    | Found Susy's Distillery.
 29559 | Elf:1    | Bought a potion of heal wounds for 70 gold pieces
 29559 | Elf:1    | Bought a potion of heal wounds for 70 gold pieces
 29559 | Elf:1    | Bought a potion of haste for 140 gold pieces
 29559 | Elf:1    | Bought a potion of cancellation for 112 gold pieces
 29559 | Elf:1    | Bought a potion of cancellation for 112 gold pieces
 29559 | Elf:1    | Gained mutation: You occasionally lose the ability to drink
                  | potions when taking damage. [potion of mutation]
 29559 | Elf:1    | Gained mutation: Your spells are a little harder to cast,
                  | but a little more powerful. [potion of mutation]
 29560 | Elf:1    | Lost mutation: Your spells are a little harder to cast, but
                  | a little more powerful. [potion of mutation]
 29560 | Elf:1    | Lost mutation: You occasionally lose the ability to drink
                  | potions when taking damage. [potion of mutation]
 29560 | Elf:1    | Gained mutation: You are clumsy. (Dex -2) [potion of
                  | mutation]
 29560 | Elf:1    | Gained mutation: You are partially covered in iridescent
                  | scales. (AC +2) [potion of mutation]
 29561 | Elf:1    | Lost mutation: You are clumsy. (Dex -2) [potion of
                  | mutation]
 29561 | Elf:1    | Lost mutation: You are partially covered in iridescent
                  | scales. (AC +2) [potion of mutation]
 29561 | Elf:1    | Gained mutation: Your spells are a little easier to cast,
                  | but a little less powerful. [potion of mutation]
 29561 | Elf:1    | Gained mutation: You have hidden genetic potential. [potion
                  | of mutation]
 29562 | Elf:1    | Lost mutation: Your spells are a little easier to cast, but
                  | a little less powerful. [potion of mutation]
 29562 | Elf:1    | Lost mutation: You have hidden genetic potential. [potion
                  | of mutation]
 29562 | Elf:1    | Gained mutation: Your spells are a little easier to cast,
                  | but a little less powerful. [potion of mutation]
 29562 | Elf:1    | Gained mutation: You sometimes lose your temper in combat.
                  | [potion of mutation]
 29563 | Elf:1    | Lost mutation: Your spells are a little easier to cast, but
                  | a little less powerful. [potion of mutation]
 29563 | Elf:1    | Lost mutation: You sometimes lose your temper in combat.
                  | [potion of mutation]
 29563 | Elf:1    | Gained mutation: You are partially covered in iridescent
                  | scales. (AC +2) [potion of mutation]
 29563 | Elf:1    | Gained mutation: Your spells are a little harder to cast,
                  | but a little more powerful. [potion of mutation]
 29563 | Elf:1    | Gained mutation: You are resistant to electric shocks.
                  | (rElec) [potion of mutation]
 29563 | Elf:1    | Gained mutation: You have hidden genetic potential. [potion
                  | of mutation]
 30010 | Elf:2    | Found a runed translucent door.
 30013 | Elf:2    | Noticed jazmu's ghost (adept DgHu)
 30014 | Elf:2    | Found a shimmering altar of Xom.
 30229 | Elf:2    | Identified the +6 shortbow of the Apocalypse {heavy, rC+}
 30231 | Elf:2    | Found Pouf's Antique Armour Boutique.
 30231 | Elf:2    | Found Ziocoub's General Store.
 30371 | Elf:2    | Bought a tin of tremorstones (2/2) for 600 gold pieces
 30379 | Elf:2    | Found Joarun's Book Emporium.
 30715 | Elf:2    | Found Aryasum's Magic Scroll Shoppe.
 30757 | Elf:2    | Found a runed translucent gate.
 30758 | Elf:2    | Found a runed translucent gate.
 30758 | Elf:2    | Found a runed translucent gate.
 30839 | Elf:3    | Entered Level 3 of the Elven Halls
 31241 | Elf:3    | Reached skill level 10 in Axes
 31421 | Elf:3    | Identified the amulet of Xiag {RegenMP rN+}
 31467 | Elf:3    | Identified the +4 quarterstaff "Pahigopp" {drain, rCorr
                  | Dex+4}
 31830 | Elf:3    | Identified the ring "Unushrae" {rPois rC+ Int+6 Stlth-}
 31855 | Elf:3    | Noticed a Brimstone Fiend
 31859 | Elf:3    | Reached XP level 21. HP: 62/168 MP: 0/0
 31859 | Elf:3    | Learned a level 8 spell: Lehudib's Crystal Spear
 31884 | Elf:3    | Identified the ring of the Lion {*Corrode rF++ rN+ Slay+4}
 31927 | Elf:3    | Identified the +1 scimitar of Dissent {venom, Fragile rElec
                  | rPois}
 31931 | Elf:3    | Identified the +7 rapier of Cruel Justice {speed, Str+3}
 31965 | Elf:3    | Gained mutation: Your mind is acute. (Int +4, Str/Dex -1)
                  | [hidden potential]
 31992 | Elf:3    | Identified the Grimoire of Sidekicks
 32323 | Vaults:1 | Entered Level 1 of the Vaults
 32656 | Vaults:1 | Reached ****** piety under Ashenzari
 33095 | Vaults:1 | Noticed an ancient lich
 33105 | Vaults:1 | Killed an ancient lich
 33160 | Vaults:1 | Identified the +3 helmet of the Griffon {Fly rC++ Dex-5
                  | SInv}
 33800 | Vaults:2 | Reached XP level 22. HP: 149/178 MP: 0/0
 33806 | Vaults:2 | Identified the +1 leather armour of Quiet Fog {rElec Int+5
                  | SInv}
 33881 | Vaults:2 | Gained mutation: You expend health (3 HP) to strengthen
                  | your wands. [hidden potential]
 33881 | Vaults:2 | Lost mutation: You have hidden genetic potential. [hidden
                  | potential expressed]
 34080 | Vaults:2 | Identified the +0 troll leather armour of Osuh {-Tele rPois
                  | rC++ Regen+}
 35690 | Vaults:3 | Noticed Mennas
 35700 | Vaults:3 | Killed Mennas
 35881 | Vaults:3 | Found a staircase to the Crypt.
 35897 | Vaults:3 | Noticed Xtahua
 35902 | Vaults:3 | Killed Xtahua
 36168 | Vaults:3 | Reached XP level 23. HP: 190/190 MP: 0/0
 36168 | Vaults:3 | Learned a level 8 spell: Borgnjor's Revivification
 36386 | Vaults:4 | Found Qestrin's Weapon Boutique.
 36458 | Vaults:4 | Found a magical portal.
 36481 | WizLab   | Entered Cigotuvi's Fleshworks
 36650 | WizLab   | Identified Cigotuvi's Catalogue of Evolution and Corpses
 36652 | WizLab   | Identified Vusomiff's Compendium of Alteration
 36655 | WizLab   | Identified the Handbook of Moulding
 36899 | WizLab   | Reached skill level 15 in Dodging
 36938 | WizLab   | Paralysed by a floating eye for 2 turns
 36974 | WizLab   | Found the -2 hat of the Alchemist {rElec rPois rF+ rC+ rN+
                  | Will+ rMut rCorr}
 37574 | Vaults:4 | Noticed Frederick
 37689 | Vaults:4 | Found Zuwkah's Armour Shop.
 37724 | Vaults:4 | Killed Frederick
 37806 | Vaults:4 | Found Dunul's Weapon Emporium.
 37829 | Vaults:4 | Identified Loptux's Secrets of Volcanic Destruction
 38223 | Vaults:4 | Found Buulistyco's Magic Scroll Emporium.
 38777 | Depths:1 | Entered Level 1 of the Depths
 38850 | Depths:1 | Noticed Mara
 39000 | D:15     | Killed Mara
 39067 | Depths:1 | Noticed Saint Roka
 39069 | Depths:1 | Reached XP level 24. HP: 114/201 MP: 0/0
 39098 | Depths:1 | Killed Saint Roka
 39298 | Depths:1 | Noticed Asterion
 39311 | Depths:1 | Killed Asterion
 39455 | Depths:1 | Found a gateway to Hell.
 39658 | Depths:1 | Found a glowing silver altar of Zin.
 39668 | Depths:2 | Found Mamoom's Armour Emporium.
 39811 | Depths:2 | Found an iron altar of Okawaru.
 39876 | Depths:2 | Identified the Excursus on Ghoulish Cryomancy
 39996 | Depths:2 | Noticed a royal mummy
 40011 | Depths:2 | Killed a royal mummy
 40219 | Depths:2 | Found the amulet of Vitality {RegenMP++ Regen++}
 40531 | Depths:2 | Found Uzikuotu's Antique Weapon Shoppe.
 40677 | Depths:2 | Found a one-way gate leading to the halls of Pandemonium.
 41448 | Depths:3 | Found a one-way gate to the infinite horrors of the Abyss.
 41611 | Depths:3 | Found a sparkling altar of Nemelex Xobeh.
 41701 | Depths:3 | Noticed Vv
 41723 | Depths:3 | Killed Vv
 42354 | Depths:4 | Entered Level 4 of the Depths
 42623 | Depths:4 | Reached XP level 25. HP: 209/214 MP: 0/0
 42623 | Depths:4 | Learned a level 8 spell: Infestation
 42756 | Depths:4 | Found a gate to the Realm of Zot.
 42809 | Depths:4 | Found a one-way gateway to a ziggurat.
 42991 | Depths:4 | Found a shadowy altar of Dithmenos.
 43604 | Vaults:5 | Entered Level 5 of the Vaults
 43608 | Vaults:5 | Identified the Secrets of Vapour and Unholy Liturgies
 43718 | Vaults:5 | Found the +3 pair of seven-league boots {Rampage+∞}
 43813 | Vaults:5 | Noticed a dread lich
 43826 | Vaults:5 | Killed a dread lich
 43946 | Vaults:5 | Noticed an ancient lich
 43962 | Vaults:5 | Killed an ancient lich
 44023 | Vaults:5 | Reached skill level 15 in Evocations
 44052 | Vaults:5 | Noticed a dread lich
 44057 | Vaults:5 | Killed a dread lich
 44095 | Vaults:5 | Reached XP level 26. HP: 204/221 MP: 0/0
 44306 | Vaults:5 | Identified the Vellum of the Postmodern Yaks
 44311 | Vaults:5 | Identified the Omnibus of Power
 44316 | Vaults:5 | Noticed a dread lich
 44320 | Vaults:5 | Killed a dread lich
 44424 | Vaults:5 | Noticed a dread lich
 44431 | Vaults:5 | Killed a dread lich
 44457 | Vaults:5 | Got a silver rune of Zot
 44661 | Vaults:5 | Identified the +5 scimitar of Immorality {venom, rF+ Will-
                  | Str+3 Int+4}
 45178 | Vaults:5 | Noticed a dread lich
 45273 | Vaults:5 | Paralysed by a dread lich for 5 turns
 45282 | Vaults:5 | Killed a dread lich
 45745 | Zot:1    | Entered Level 1 of the Realm of Zot
 46053 | Zot:2    | Noticed a curse toe
 46063 | Zot:2    | Killed a curse toe
 46285 | Abyss:2  | Cast into level 2 of the Abyss (yellow draconian)
 46342 | Abyss:3  | Reached XP level 27. HP: 184/221 MP: 0/0
 46342 | Abyss:3  | Learned a level 9 spell: Fire Storm
 46366 | Abyss:3  | Got an abyssal rune of Zot
 46702 | Abyss:4  | Found a corrupted altar of Lugonu.
 46708 | Zot:3    | Escaped the Abyss
 47044 | Zot:3    | Identified the Papyrus of Fire and Brimstone
 47047 | Zot:3    | Found a basalt altar of Yredelemnul.
 47487 | Zot:3    | Identified the Compilation of the Zealot
 47627 | Zot:4    | Found the ring of the Tortoise {AC+8}
 47638 | Zot:5    | Entered Level 5 of the Realm of Zot
 48068 | Zot:5    | Noticed a dread lich
 48074 | Zot:5    | Killed a dread lich
 48249 | Zot:5    | Noticed a Killer Klown
 48253 | Zot:5    | Killed a Killer Klown
 48253 | Zot:5    | Noticed an orb of fire
 48253 | Zot:5    | Noticed a Killer Klown
 48255 | Zot:5    | Killed a Killer Klown
 48261 | Zot:5    | Killed an orb of fire
 48301 | Zot:5    | Noticed an ancient lich
 48308 | Zot:5    | Killed an ancient lich
 48378 | Zot:5    | Noticed an ancient lich
 48380 | Zot:5    | Killed an ancient lich
 48493 | Zot:5    | Noticed a dread lich
 48495 | Zot:5    | Killed a dread lich
 48510 | Zot:5    | Noticed an orb of fire
 48514 | Zot:5    | Killed an orb of fire
 48516 | Zot:5    | Noticed a Killer Klown
 48521 | Zot:5    | Killed a Killer Klown
 48591 | Zot:5    | Reached skill level 10 in Armour
 48591 | Zot:5    | Reached skill level 10 in Shields
 48726 | Zot:5    | Noticed an ancient lich
 48729 | Zot:5    | Killed an ancient lich
 48822 | Zot:5    | Got the Orb of Zot
 48902 | Zot:3    | Noticed Fautal the pandemonium lord
 48905 | Zot:3    | Killed Fautal the pandemonium lord
 49021 | Depths:3 | Noticed Helyicha the pandemonium lord
 49027 | Depths:3 | Killed Helyicha the pandemonium lord
 49204 | D:13     | Noticed a seraph
 49209 | D:13     | Killed a seraph
 49463 | D:1      | gg
 49464 | D:$      | Escaped with the Orb!

Illustrated notes

#.##...## ##......###.#
#...####
#.......###.#### ###.#
#............... #.#
#.......###.#### #÷#
##..>..........> #.#
##...#.#.#.#### #†#
#######..#...........
###.#
###['..###...#.#.#..###
#...# #...#.@#
##.##......# #.###
####''#### #.####.##.#
#.# #⌠♣#...# #.# #.##.#
#.#
#.♣#.♣.#♣♣♣##.####.##.#
#.#
#.♣#...#♣⌠♣#.......##.#
#.#
#..#'''#♣{♣##.#######.#
#.## #..........#..#
#.# #..#
#.###.###..#### #>#
##.# #.# ###..{..#
#.###


Turn 49463 on D:1: gg

Levels and vault maps discovered:
D:1:      sevenhm_arrival_forest_fort_small_3, layout_loops_ring
D:2:      layout_rooms
D:3:      layout_basic
D:4:      layout_loops_ring, kennysheep_little_box, kennysheep_mini_moat
D:5:      layout_loops_ring, tgw_kikubaaqudgha, mainiacjoe_overflow_24_doors,
          dk_rats_in_the_wall
D:6:      layout_loops_corners, cheibrodos_ashenzari_chains, st_stairs_3
D:7:      layout_rooms, minmay_temple_entry_junction, enter_bailey_8,
          uniq_maggie
D:8:      layout_basic, serial_glass, glass_columns_a, glass_columns_b,
          amcnicky_mini_rare_corridor_liquid
D:9:      layout_cave_pools, elyvilon_altar_3,
          mainiacjoe_overflow_surrounded_room, serial_shops, shop_statue,
          serial_column_ruins, column_ruins_pillar_9, column_ruins_pillar_2,
          column_ruins_pillar_1, column_ruins_pillar_9, column_ruins_pillar_1,
          column_ruins_pillar_10, column_ruins_pillar_2, column_ruins_pillar_6,
          column_ruins_pillar_7, column_ruins_pillar_1, column_ruins_pillar_6,
          column_ruins_pillar_5, column_ruins_pillar_1, column_ruins_pillar_2,
          column_ruins_pillar_3, dk_vineyard_2
D:10:     layout_long_grid, due_lair_maze_entry_diamond, serial_shops,
          nicolae_take_the_stairs, minmay_three_doors
D:11:     layout_long_grid, zombieorc2_lemuel, serial_shops, nicolae_shop_trees,
          fiery_altar_vehumet, uniq_grum
D:12:     layout_basic
D:13:     layout_cave_pools, david_vaults_2, corexii_checkpoint_b, uniq_azrael,
          uniq_maurice
D:14:     layout_cave_pools
D:15:     grunt_enter_depths_hoard, layout_basic, minivault_23,
          minmay_crystal_water, nicolae_qazlal_general_emergency, uniq_jorgrun
Lair:1:   layout_small_grid, grunt_megastairs_2
Lair:2:   layout_loops_ring, dummy_spider_entry
Lair:3:   layout_concentric_octagons, elwin_shoals_entry_rocks, uniq_snorg,
          uniq_nergalle
Lair:4:   layout_regular_city, minmay_slime_entry_pillars
Lair:5:   grunt_lair_end_beastmaster, layout_cave_pods, serial_bayou_shore_b
Shoals:1: layout_shoals, serial_shops, bzr_entry_safe,
          nicolae_shoals_lost_giant_temple, uniq_roxanne, uniq_mlioglotl,
          uniq_kirke
Shoals:2: layout_shoals
Shoals:3: cheibrodos_shoals_epimethial_gifts, layout_shoals,
          nicolae_island_escapes
Shoals:4: shoals_end_grunt_garden, layout_shoals, shoal_ilsuiw, uniq_polyphemus
Spider:1: layout_spider_delve
Spider:2: layout_cave_pods, ebering_ghost_xom, hellmonk_narrow_tunnel,
          uniq_louise
Spider:3: nicolae_spider_jumping_over_cracks [nicolae_spider_jumping_sub_grid,
          nicolae_spider_jumping_sub_shuffled,
          nicolae_spider_jumping_sub_stairs,
          nicolae_spider_jumping_sub_shuffled],
          portal_ice_cave_entry_pillars_four
Spider:4: grunt_spider_rune_island, guppyfry_spider_mini_3
Orc:1:    layout_caves, uniq_fannar, uniq_erica
Orc:2:    kennysheep_orc_mage_school, layout_diamond_mine, led_sif_book
Elf:1:    nicolae_elf_arrival_no_cutting_in_line, layout_loops_corners,
          ebering_ghost_inner_flame, serial_shops, nicolae_lakefront_shop,
          hangedman_elf_disciples
Elf:2:    nicolae_elf_blades_crystal_corner, layout_gridlike, serial_shops,
          nicolae_shop_stone, shop, shop, shop_fountains,
          nicolae_lakefront_shop, ebering_ghost_xom, evilmike_ambush
          [evilmike_ambush_outer_corners, evilmike_ambush_inner_wall_1]
Elf:3:    grunt_elf_hall_asides, layout_geoelf_octagon
Vaults:1: vaults_room_door_hall, nicolae_vaults_little_squares_4,
          hangedman_vaults_stagger, vaults_room_boxed, nicolae_vaults_network_s,
          dpeg_vaults_waves, ontoclasm_vaults_chip,
          ontoclasm_vaults_loading_screen, nicolae_vaults_ring_of_whatevers,
          vaults_room_grunt_arrival_ludios, vaults_dpeg_encased_lava,
          nicolae_vaults_ring_of_whatevers, layout_vaults_quadrants
Vaults:2: ontoclasm_vaults_echo, vaults_mumra_hex, hangedman_vaults_maws,
          nicolae_vaults_circle_grid_a, ontoclasm_vaults_hangar,
          nicolae_vaults_little_squares_3, hangedman_vaults_corner_blocks,
          v_pattern_4, nicolae_vaults_ninety_degrees,
          nicolae_vaults_diagonal_hallway_7, v_misc_26, grunt_vaults_funnel,
          vaults_dpeg_emergency_exit, layout_vaults_omnibox
Vaults:3: ontoclasm_vaults_ring_square, v_alt_pattern_2,
          minmay_crypt_entry_simple_round, vaults_standard_mumra_x,
          nicolae_vaults_yaktaur_gun_rack, vaults_room_corners, v_rooms_1,
          ontoclasm_vaults_hangar, vaults_dpeg_doors,
          vaults_room_stairs_pillars, vaults_room_grunt_arrival_checkpoint,
          v_misc_16, vaults_dpeg_ring, grunt_vaults_hallway_long,
          vaults_dpeg_hooks, layout_vaults_omnicross, uniq_xtahua, uniq_mennas
Vaults:4: lightli_enter_wizlab_magi_temple, v_alt_pattern_4, v_misc_30,
          v_pattern_3, vaults_dpeg_diagonal, v_misc_28, vaults_mumra_hexcomb,
          nicolae_vaults_asterisk, grunt_vaults_bifocal,
          layout_vaults_chaotic_city, serial_shops, shop,
          nicolae_shop_bloodbath_and_beyond, nicolae_square_shop, shop,
          uniq_frederick
Vaults:5
Depths:1: layout_cave_pools, hell_entry, zin_angel, roderic_serpentine_path,
          kilobyte_mutagenic_chamber, uniq_saint_roka, uniq_asterion, uniq_mara
Depths:2: ragdoll_tomb_raider, layout_gridlike, okawaru_trees_2,
          grunt_hell_entry_dis_mu, pan_entry, nicolae_stop_n_shop_1,
          eino_small_chamber_without_monster, minmay_shop_star,
          infiniplex_staircase_star
Depths:3: nicolae_hitomezashi [nicolae_hito_row, nicolae_hito_row,
          nicolae_hito_row, nicolae_hito_row, nicolae_hito_row,
          nicolae_hito_row, nicolae_hito_row, nicolae_hito_row,
          nicolae_hito_row, nicolae_hito_row, nicolae_hito_row,
          nicolae_hito_row, nicolae_hito_row, nicolae_hito_row,
          nicolae_hito_row, nicolae_hito_row, nicolae_hito_row,
          nicolae_hito_row], layout_cave_shapes, pf_coc_iceberg,
          nicolae_abyss_entry_one_way_or_another, nemelex_spade_bored_becter,
          uniq_vv
Depths:4: grunt_crosshair, layout_long_grid, enter_ziggurat_c,
          grunt_dithmenos_smoke_and_mirrors, hell_entry, rand_demon_pan_entry_8
Zot:1:    layout_misc_corridors
Zot:2:    layout_misc_corridors, grunt_megastairs_1
Zot:3:    nicolae_zot_draconian_monastery, layout_onion_interference
Zot:4:    layout_basic, grunt_megastairs_3
Zot:5:    layout_misc_corridors, skrybe_zot_glass_3

Skill      XL: |  1  2  3  4  5  6  7  8  9 10 11 12 13 14 15 16 17 18 19 20 21 22 23 24 25 26 27 |
---------------+----------------------------------------------------------------------------------+-----
Fighting       | 1 2 4 5 7 8 10 11 13 14 15 16 17 20 | 20.1
Spellcasting   | 3 4 5 7 8 9 10 11 12 14 15 17 18 20 21 | 21.2
Axes           | 4 5 6 7 9 10 11 | 11.5
Dodging        | 3 5 9 10 11 13 14 15 17 21 | 21.2
Evocations     | 2 4 5 7 8 11 13 14 15 19 21 | 21.7
Armour         | 2 5 13 | 13.0
Shields        | 2 5 10 | 10.0
Stealth        | |  1.5

Action                     |  1- 3 |  4- 6 |  7- 9 | 10-12 | 13-15 | 16-18 | 19-21 | 22-24 | 25-27 || total
---------------------------+-------+-------+-------+-------+-------+-------+-------+-------+-------++-------
  Melee: Flail             |     5 |    14 |    26 |       |       |       |       |       |       ||    45
         War axe           |       |       |    46 |   186 |   392 |   350 |   340 |   462 |   325 ||  2101
         Punch             |       |       |     1 |     1 |       |       |       |       |       ||     2
   Cast: Sting             |    51 |    39 |    13 |       |     1 |       |       |       |       ||   104
         Poisonous Vapours |     4 |    98 |    77 |    47 |    40 |    70 |       |       |       ||   336
         Mephitic Cloud    |       |       |    10 |     1 |     1 |     3 |     1 |       |       ||    16
         Teleport Other    |       |       |     2 |       |       |       |       |       |       ||     2
         Olgreb's Toxic Ra |       |       |    21 |    39 |    58 |   448 |   151 |     9 |       ||   726
         Call Imp          |       |       |     1 |     1 |       |       |       |       |       ||     2
         Ozocubu's Armour  |       |       |       |     2 |     3 |     2 |       |     4 |       ||    11
         Freezing Cloud    |       |       |       |       |    31 |     1 |     2 |       |       ||    34
         Summon Cactus Gia |       |       |       |       |     5 |    18 |     1 |       |       ||    24
         Agony             |       |       |       |       |       |     5 |       |       |       ||     5
         Spellforged Servi |       |       |       |       |       |     7 |    45 |   156 |    54 ||   262
         Haunt             |       |       |       |       |       |       |   175 |   112 |    16 ||   303
         Infestation       |       |       |       |       |       |       |       |       |    61 ||    61
         Lehudib's Crystal |       |       |       |       |       |       |       |       |    48 ||    48
         Fire Storm        |       |       |       |       |       |       |       |       |   150 ||   150
 Invoke: Curse Item        |       |       |     1 |     4 |     3 |     2 |     1 |     1 |     2 ||    14
         Shatter the Chain |       |       |       |       |     1 |     1 |     1 |       |     2 ||     5
Ability: Evoke Invisibilit |       |       |       |       |       |       |     1 |     1 |       ||     2
  Evoke: Box of beasts     |       |       |       |     1 |       |     1 |       |       |       ||     2
         Wand              |       |       |       |       |     1 |     2 |       |     3 |     6 ||    12
         Phial of floods   |       |       |       |       |       |       |     1 |       |       ||     1
         Tin of tremorston |       |       |       |       |       |       |     2 |       |     2 ||     4
         Condenser vane    |       |       |       |       |       |       |     1 |       |     2 ||     3
         Phantom mirror    |       |       |       |       |       |       |       |     1 |       ||     1
    Use: Scroll            |       |     1 |     2 |     5 |     3 |     4 |     1 |     2 |    14 ||    32
         Potion            |       |       |       |     4 |       |     2 |     5 |       |     7 ||    18
   Stab: Sleeping          |       |       |       |     2 |    10 |       |     1 |     1 |       ||    14
         Distracted        |       |       |       |     1 |     9 |    12 |    22 |    31 |    21 ||    96
         Confused          |       |       |       |       |     1 |     2 |       |       |       ||     3
         Paralysed         |       |       |       |       |     3 |     5 |       |       |     1 ||     9
         Invisible         |       |       |       |       |       |       |     2 |       |       ||     2
 Armour: Robe              |    10 |     9 |    16 |    14 |    13 |       |       |       |       ||    62
         Troll leather arm |       |       |       |       |    76 |    50 |    59 |   105 |    45 ||   335
  Dodge: Dodged            |    30 |    25 |    57 |   190 |   469 |   459 |   416 |   602 |   405 ||  2653
  Block: Buckler           |       |       |       |    19 |    83 |   149 |   171 |   266 |   121 ||   809

Table legend: (Time is in decaauts)
 A = Elapsed time spent in this place.
 B = Non-inter-level travel time spent in this place.
 C = Inter-level travel time spent in this place.
 D = Time resting spent in this place.
 E = Time spent auto-exploring this place.
 F = Levels seen in this place.
 G = Mean time per level.
                   A        B        C        D        E       F      G
               +--------+--------+--------+--------+--------+-----+--------+
         Total |  49264 |  45677 |   3587 |   6471 |  26064 |  54 |  912.3 |
       Dungeon |  14076 |  12513 |   1563 |   1856 |   7870 |  15 |  938.4 |
          Lair |   5073 |   4619 |    454 |    596 |   3096 |   5 | 1014.6 |
        Shoals |   3464 |   3320 |    144 |    131 |   2145 |   4 |  866.0 |
   Spider Nest |   3547 |   3398 |    149 |    303 |   2064 |   4 |  886.8 |
  Orcish Mines |   1123 |   1025 |     98 |     74 |    659 |   2 |  561.5 |
   Elven Halls |   3668 |   3427 |    241 |    659 |   1630 |   3 | 1222.7 |
        Vaults |   7402 |   6937 |    465 |    563 |   4165 |   5 | 1480.4 |
        Depths |   4459 |   4213 |    246 |    514 |   2557 |   4 | 1114.8 |
           Zot |   2796 |   2574 |    222 |    800 |    893 |   5 |  559.2 |
         Abyss |    410 |    410 |      0 |      0 |    157 |   3 |  136.7 |
        Bazaar |    113 |    113 |      0 |      0 |     80 |   1 |  113.0 |
        Bailey |    626 |    626 |      0 |    106 |    241 |   1 |  626.0 |
      Ice Cave |   1757 |   1757 |      0 |    828 |    239 |   1 | 1757.0 |
        Wizlab |    744 |    744 |      0 |     40 |    267 |   1 |  744.0 |
               +--------+--------+--------+--------+--------+-----+--------+

Top non-repeatable levels by time:
    D:15: 2174 daAuts
Vaults:5: 1780 daAuts
   IceCv: 1757 daAuts
Depths:2: 1613 daAuts
Vaults:4: 1513 daAuts
   Elf:1: 1454 daAuts
Vaults:2: 1435 daAuts
Vaults:1: 1432 daAuts
   Elf:3: 1353 daAuts
Spider:2: 1283 daAuts
    D:11: 1255 daAuts
Vaults:3: 1240 daAuts
  Lair:1: 1212 daAuts
  Lair:5: 1194 daAuts
   Zot:5: 1185 daAuts
